 Dungeon Crawl Stone Soup version 0.19.0-23-gf02e663 (webtiles) character file.

98 JeffiDaFish the Shield-Bearer (level 4, -2/28 HPs)
             Began as a Gargoyle Fighter on Nov 19, 2016.
             Slain by Natasha (6 damage)
             ... on level 2 of the Dungeon.
             The game lasted 00:03:04 (1213 turns).

JeffiDaFish the Shield-Bearer (Gargoyle Fighter)    Turns: 1213, Time: 00:03:05

Health: -2/28      AC: 10    Str: 20    XL:     4   Next: 71%
Magic:  4/4        EV:  7    Int:  9    God:
Gold:   73         SH:  9    Dex:  9    Spells: 0 memorised, 3 levels left

rFire  . . .     SeeInvis .     a - +0 flail
rCold  + . .     Gourm    .     b - +0 scale mail
rNeg   + . .     Faith    .     c - +0 shield
rPois  ∞         Spirit   .     (no helmet)
rElec  +         Reflect  .     (no cloak)
rCorr  .         Harm     .     (no gloves)
MR     .....                    (no boots)
Stlth  ..........               (no amulet)
                                h - ring of ice
                                e - ring of protection from fire

@: slowed, very slow
A: negative energy resistance 1, electricity resistance, unbreathing,
petrification resistance, rot immunity, AC +3
a: no special abilities


You were on level 2 of the Dungeon.
You were not hungry.

You visited 1 branch of the dungeon, and saw 2 of its levels.

You collected 73 gold pieces.

Inventory:

Hand Weapons
 a - a +0 flail (weapon)
Armour
 b - a +0 scale mail (worn)
 c - a +0 shield (worn)
Jewellery
 e - a ring of protection from fire (left hand)
 h - a ring of ice (right hand)
Scrolls
 i - a scroll of remove curse
Potions
 d - a potion of might
Comestibles
 f - 2 bread rations
 g - 10 chunks of flesh
 j - 2 meat rations


   Skills:
 + Level 3.6 Fighting
 + Level 3.3 Maces & Flails
 + Level 3.8 Armour
 + Level 0.4 Dodging
 + Level 4.0 Shields


You had 3 spell levels left.
You didn't know any spells.

Dungeon Overview and Level Annotations

Branches:
Dungeon (2/15)

Altars:

Annotations:
D:2 Natasha


Innate Abilities, Weirdness & Mutations

You are resistant to torment.
Your stone body is resilient. (AC +3)
You are immune to poison.
You resist negative energy. (rN+)
You are resistant to electric shocks. (rElec)
You can survive without breathing.
You are immune to petrification.
You are immune to rotting.


Message History

Natasha casts a spell at you. You resist with some effort.
You block Natasha's attack. The goblin barely misses you.
You closely miss Natasha.
Natasha is heavily wounded.
You block Natasha's attack. Natasha claws you.
The goblin hits you but does no damage.
Natasha wildly gestures.
Natasha shimmers violently.
Natasha claws you but does no damage. The goblin hits you. Natasha claws you.
Your shield prevents you from hitting Natasha.
Natasha is heavily wounded.
Natasha claws you.
* * * LOW HITPOINT WARNING * * *
The goblin hits you but does no damage. Natasha claws you but does no damage.
The goblin closely misses you. Natasha closely misses you.
You completely miss Natasha.
Natasha is heavily wounded.
You block Natasha's attack. The goblin barely misses you. Natasha claws you.
You die...

.!##.÷...##.################
..>...........(...............
....##......#.################
### #......#.# #......#.#
######.#.# #.#.#
#########.#.############
#..........@#..........#
#........(gh'..........#
#..........##..........#
#.........(##..........#####
#..........##...............
#..........##...........####
#..........'.....######.#...
#..........####### #.#.##
#..........# #.#.#


You could see Natasha and a goblin.

Vanquished Creatures
  Natasha (D:2)
  5 adders (D:2)
  A dart slug (D:1)
  A leopard gecko (D:2)
  A giant cockroach (D:1)
  7 goblins
  A hobgoblin (D:1)
  A ball python (D:2)
  4 bats
  4 kobolds
  4 rats
  A bush (D:1)
31 creatures vanquished.

Notes
Turn   | Place    | Note
-------+----------+-------------------------------------------
     0 | D:1      | JeffiDaFish the Gargoyle Fighter began the quest for the Orb.
     0 | D:1      | Reached XP level 1. HP: 14/14 MP: 1/1
     2 | D:1      | Noticed a demonspawn
     2 | D:1      | Noticed a merfolk
     4 | D:1      | Noticed a naga
     4 | D:1      | Noticed a ghoul
     6 | D:1      | Noticed a troll
     6 | D:1      | Noticed a demigod
     8 | D:1      | Noticed an octopode
     8 | D:1      | Noticed a felid
    10 | D:1      | Noticed a formicid
    10 | D:1      | Noticed a minotaur
    12 | D:1      | Noticed a gargoyle
    12 | D:1      | Noticed a vine stalker
    14 | D:1      | Noticed a tengu
    14 | D:1      | Noticed a halfling
    16 | D:1      | Noticed a spriggan
    18 | D:1      | Noticed a draconian
    20 | D:1      | Noticed an elf
    20 | D:1      | Noticed an ogre
    22 | D:1      | Noticed a dwarf
    24 | D:1      | Noticed a human
    24 | D:1      | Noticed a centaur
    26 | D:1      | Noticed a vampire
    98 | D:1      | Reached XP level 2. HP: 17/19 MP: 2/2
   622 | D:2      | Reached XP level 3. HP: 22/23 MP: 3/3
   699 | D:2      | Noticed Natasha
   711 | D:2      | Killed Natasha
   711 | D:2      | Reached skill level 4 in Shields
   711 | D:2      | Reached XP level 4. HP: 6/28 MP: 4/4
  1201 | D:2      | Noticed Natasha
  1213 | D:2      | Slain by Natasha

Skill      XL: |  1  2  3  4 |
---------------+-------------+-----
Shields        | 4 |  4.0
Maces & Flails | 3 |  3.3
Fighting       | |  3.6
Armour         | |  3.8
Dodging        | |  0.4

Action                   |  1- 3 |  4- 6 || total
-------------------------+-------+-------++-------
Melee: Flail             |   133 |    76 ||   209
  Use: Potion            |     1 |     2 ||     3
       Scroll            |     2 |       ||     2
  Eat: Chunk             |       |     2 ||     2
Armor: Scale mail        |    42 |    55 ||    97
Dodge: Dodged            |    22 |    42 ||    64
Block: Shield            |    47 |    59 ||   106
